 Dungeon Crawl Stone Soup version 0.13-a0-3104-gb5885e9 (webtiles) character file.

8157 Misa the Thaumaturge (level 10, -11/69 HPs)
             Began as a Demigod Fire Elementalist on Sept 19, 2013.
             Mangled by an eight-headed hydra (12 damage)
             ... on Level 12 of the Dungeon.
             The game lasted 01:05:54 (9977 turns).

Misa the Thaumaturge (Demigod Fire Elementalist)    Turns: 9977, Time: 01:05:54

HP -11/69        AC  6     Str 12      XL: 10   Next: 69%
MP  36/45        EV 10     Int 25      God:
Gold 386         SH 10     Dex 17      Spells:  4 memorised, 16 levels left

Res.Fire  : . . .   See Invis. : .   Y - staff of power
Res.Cold  : + . .   Warding    : .   P - +2 leather armour {rC+}
Life Prot.: . . .   Conserve   : .   T - +2 elf buckler
Res.Poison: .       Res.Corr.  : .   (no helmet)
Res.Elec. : .       Clarity    : .   C - +0 cloak
Sust.Abil.: . .     Spirit.Shd : .   (no gloves)
Res.Mut.  : .       Stasis     : .   (no boots)
Res.Rott. : .       Flight     : .   (no amulet)
Saprovore : . . .                    w - ring of regeneration
                                     e - ring of sustenance

@: somewhat resistant to hostile enchantments, fairly stealthy
A: no striking features
a: no special abilities


You were on level 12 of the Dungeon.
You were not hungry.

You visited 1 branch of the dungeon, and saw 12 of its levels.

You collected 366 gold pieces.

Inventory:

Hand weapons
 k - a +0,+0 dagger (quivered)
 F - a -1,+4 orcish flail
 W - a +1,+4 dagger of distortion
Missiles
 p - 3 darts
Armour
 C - a +0 cloak (worn)
 P - a +2 leather armour of cold resistance (worn)
 T - a +2 elven buckler (worn)
Magical devices
 y - a wand of draining (7)
 A - a wand of digging (2)
 N - a wand of paralysis (12) {unknown}
Comestibles
 a - 6 beef jerkies
 c - 8 bread rations
 j - 6 meat rations
 m - a pear
 r - 3 apples
 v - a choko
 D - 10 sultanas
 G - a banana
 K - 2 honeycombs
 O - an apricot
 Q - 12 strawberries
 X - 2 chunks of troll flesh
Scrolls
 d - a scroll of enchant armour
 g - a scroll of identify
 l - 3 scrolls of fog
 n - 6 scrolls of remove curse
 o - a scroll of amnesia {unknown}
 q - a scroll of enchant weapon II
 s - 3 scrolls of teleportation
 L - 2 scrolls of magic mapping
 U - 2 scrolls of enchant weapon I {unknown}
 V - 2 scrolls of fear
Jewellery
 e - a ring of sustenance (left hand)
 w - a ring of regeneration (right hand)
Potions
 f - 3 potions of curing {unknown}
 h - 2 potions of might {unknown}
 i - a potion of porridge {unknown}
 t - 2 potions of magic {unknown}
 u - 2 potions of speed {unknown}
 x - a potion of resistance {unknown}
 B - 3 potions of restore abilities {unknown}
 H - 2 potions of heal wounds {unknown}
 J - 2 potions of paralysis {unknown}
 R - a potion of mutation {unknown}
 S - a potion of agility {unknown}
Books
 b - a book of Flames

   Spells                             Type                      Level
   *Flame Tongue                      Conjuration/Fire             1
   Throw Flame                        Conjuration/Fire             2
   *Conjure Flame                     Conjuration/Fire             3
   Inner Flame                        Hexes/Fire                   3
   *Sticky Flame                      Conjuration/Fire             4
   *Fireball                          Conjuration/Fire             5
 M - a book of Wizardry

   Spells                             Type                      Level
   Summon Elemental                   Summoning                    4
   Agony                              Necromancy                   5
   Force Lance                        Conjuration                  5
   *Fireball                          Conjuration/Fire             5
   Haste                              Charms                       6
   Invisibility                       Hexes                        6
Magical staves
 z - an uncursed staff of earth
 Y - an uncursed staff of power (weapon)


   Skills:
 - Level 1.7 Dodging
 - Level 1.7 Stealth
 * Level 10.3 Spellcasting
 + Level 7.8 Conjurations
 + Level 8.1 Fire Magic


You had 16 spell levels left.
You knew the following spells:

 Your Spells              Type           Power        Failure   Level  Hunger
a - Flame Tongue          Conj/Fire      #####        1%          1    None
b - Conjure Flame         Conj/Fire      ######..     1%          3    None
c - Sticky Flame          Conj/Fire      ######..     2%          4    None
d - Fireball              Conj/Fire      ######....   10%         5    ###....


Dungeon Overview and Level Annotations

Branches:
Dungeon (12/27)            Temple (0/1) D:4
    Orc: D:6-11        Lair: D:8-13

Annotations:
D:7 Eustachio


Message History

Press: ? - help, Shift-Dir - straight line, f - eight-headed hydra
Aim: an eight-headed hydra (flame, moderately wounded)
The sticky flame hits the eight-headed hydra.
The eight-headed hydra is moderately wounded.
The eight-headed hydra is covered in liquid flames!
The eight-headed hydra burns!
The eight-headed hydra is engulfed in roaring flames.
The eight-headed hydra bites you!
The eight-headed hydra barely misses you.
The eight-headed hydra bites you! The eight-headed hydra bites you.
The eight-headed hydra bites you!
* * * LOW HITPOINT WARNING * * *
The eight-headed hydra bites you.
* * * LOW HITPOINT WARNING * * *
The eight-headed hydra burns!
The eight-headed hydra is engulfed in roaring flames.
The eight-headed hydra bites you!
* * * LOW HITPOINT WARNING * * *
The eight-headed hydra bites you!
You die...

#.. . # . ... ... ..##..
# #.. .< #.##.. #.#.#..
#.##.. .#.#. ##.##.. §..
... ...... #§# #.# #.##..
#D# ...##.###.##.. #@#
#............. #.#
#.###.###.##.#
.########.# #.# #.#
#.##.. ........#.#.#.#
#># #.##..
#........#.#.###.###.##..
#.####.#.................
#.#####.###.###.#... #.#
#...........#... #.#
#.#.###.#####...


You could see an eight-headed hydra (burning).

Vanquished Creatures
  A hill giant (D:11)
  A cyclops (D:10)
  Psyche (D:11)
  2 two-headed ogres
  The ghost of wvc the Digger, an experienced GrEE (D:5)
  Grinder (D:3)
  A troll (D:12)
  A wyvern (D:9)
  3 wolves (D:11)
  A yak (D:10)
  A hill giant zombie (D:8)
  Grum (D:11)
  A vampire mosquito (D:10)
  A necrophage (D:11)
  3 ice beasts
  2 black bears (D:6)
  An orc warrior (D:9)
  A sky beast (D:8)
  4 phantoms
  A yellow wasp (D:11)
  7 ogres
  A big kobold (D:9)
  5 centaurs
  4 giant frogs
  A water moccasin (D:8)
  A cyclops skeleton (D:8)
  8 killer bees
  5 wights
  4 jellies
  2 goliath beetles (D:8)
  2 hounds (D:8)
  3 crimson imps
  3 orc priests
  A basilisk skeleton (D:10)
  6 scorpions
  An iguana (D:11)
  A water moccasin skeleton (D:8)
  12 orc wizards
  7 worker ants
  A big kobold skeleton (D:11)
  A hound zombie (D:11)
  A hound skeleton (D:5)
  16 adders
  A giant mite (D:3)
  A worm (D:3)
  An iguana zombie (D:9)
  An adder skeleton (D:4)
  An adder zombie (D:8)
  2 giant eyeballs
  A giant gecko (D:1)
  An ooze (D:11)
  30 orcs
  13 bats
  7 goblins
  16 hobgoblins
  6 jackals (D:3)
  A quokka (D:8)
  A ball python (D:2)
  5 giant cockroaches
  7 giant newts
  A gnoll zombie (D:7)
  16 kobolds
  11 rats
245 creatures vanquished.

Vanquished Creatures (others)
  An orc (D:9)
  4 plants (D:11)
5 creatures vanquished.

Grand Total: 250 creatures vanquished

Notes
Turn   | Place    | Note
--------------------------------------------------------------
     0 | D:1      | Misa, the Demigod Fire Elementalist, began the quest for the Orb.
     0 | D:1      | Reached XP level 1. HP: 14/14 MP: 5/5
   182 | D:1      | Reached skill level 1 in Conjurations
   744 | D:1      | Reached XP level 2. HP: 17/20 MP: 2/6
  1163 | D:2      | Found a blossoming altar of Fedhas.
  1205 | D:2      | Reached skill level 3 in Fire Magic
  1250 | D:2      | Reached XP level 3. HP: 26/26 MP: 6/9
  1609 | D:3      | Learned a level 3 spell: Conjure Flame
  1937 | D:3      | Reached XP level 4. HP: 33/33 MP: 6/12
  2028 | D:3      | Found a blossoming altar of Fedhas.
  2057 | D:3      | Noticed Grinder
  2061 | D:3      | Paralysed by Grinder for 7 turns
  2349 | D:3      | Killed Grinder
  2349 | D:3      | Reached skill level 4 in Fire Magic
  2349 | D:3      | Reached XP level 5. HP: 38/38 MP: 1/15
  2349 | D:3      | Reached XP level 6. HP: 45/45 MP: 1/18
  2720 | D:4      | Found a staircase to the Ecumenical Temple.
  2860 | D:4      | Learned a level 4 spell: Sticky Flame
  3193 | D:5      | Entered Level 5 of the Dungeon
  3250 | D:5      | Noticed wvc's ghost (experienced GrEE)
  3318 | D:4      | Reached XP level 7. HP: 38/50 MP: 10/20
  3470 | D:5      | Killed wvc's ghost
  3470 | D:5      | Reached skill level 5 in Spellcasting
  3628 | D:5      | Reached skill level 5 in Fire Magic
  4425 | D:6      | Reached XP level 8. HP: 57/57 MP: 16/23
  4671 | D:6      | Reached skill level 6 in Spellcasting
  4824 | D:7      | Noticed a two-headed ogre
  4829 | D:7      | Killed a two-headed ogre
  4887 | D:7      | Reached skill level 5 in Conjurations
  5017 | D:7      | Noticed Eustachio
  5146 | D:6      | Found a basalt altar of Yredelemnul.
  5694 | D:8      | Found a snail-covered altar of Cheibriados.
  5776 | D:8      | Reached skill level 7 in Spellcasting
  6065 | D:8      | Noticed a two-headed ogre
  6072 | D:8      | Killed a two-headed ogre
  6072 | D:8      | Reached XP level 9. HP: 62/62 MP: 17/26
  6536 | D:8      | Found a burning altar of Makhleb.
  6733 | D:8      | Reached skill level 8 in Spellcasting
  7674 | D:9      | Found a snail-covered altar of Cheibriados.
  8223 | D:10     | Entered Level 10 of the Dungeon
  8238 | D:10     | Reached skill level 9 in Spellcasting
  8399 | D:10     | Paralysed by a giant eyeball for 2 turns
  8414 | D:10     | Noticed a cyclops
  8441 | D:10     | Reached XP level 10. HP: 69/69 MP: 7/29
  8513 | D:10     | Killed a cyclops
  8799 | D:11     | Noticed Grum
  8809 | D:11     | Killed Grum
  9246 | D:11     | Found a viscous altar of Jiyva.
  9310 | D:11     | Learned a level 5 spell: Fireball
  9513 | D:11     | Noticed a hill giant
  9518 | D:11     | Killed a hill giant
  9518 | D:11     | Reached skill level 10 in Spellcasting
  9740 | D:11     | Noticed Psyche
  9745 | D:11     | Killed Psyche
  9878 | D:12     | Identified a scroll of acquirement
  9973 | D:12     | Noticed an eight-headed hydra
  9977 | D:12     | HP: 1/69 [eight-headed hydra (12)]
  9977 | D:12     | Mangled by an eight-headed hydra

Action                   |  1- 3 |  4- 6 |  7- 9 | 10-12 || total
-------------------------+-------+-------+-------+-------++-------
Melee: Dagger            |    25 |    12 |       |       ||    37
       Flail             |       |     5 |   139 |       ||   144
       Staff             |       |       |     1 |       ||     1
 Cast: Flame Tongue      |    68 |    77 |   343 |    86 ||   574
       Conjure Flame     |     1 |     4 |    43 |    26 ||    74
       Sticky Flame      |       |     1 |    26 |    13 ||    40
       Fireball          |       |       |       |     3 ||     3
Evoke: Wand              |       |       |     6 |       ||     6
  Use: Scroll            |       |       |    17 |     1 ||    18
 Stab: Sleeping          |     1 |       |       |       ||     1
